 Dungeon Crawl Stone Soup version 0.31-a0-321-g19405a7a6a (webtiles) character file.

Game seed: 440512451458845514

524077 Shard1697 the Cloud Mage (level 24, -1/194 HPs)
             Began as a Black Draconian Ice Elementalist on July 17, 2023.
             Was the Champion of Vehumet.
             Slain by an Orb Guardian (5 damage)
             ... on level 5 of the Realm of Zot.
             The game lasted 02:19:10 (66791 turns).

Shard1697 the Cloud Mage (DrIE)                    Turns: 66791, Time: 02:19:10

Health: -1/194     AC: 26    Str: 12    XL:     24   Next: 20%
Magic:  32/39      EV: 24    Int: 24    God:    Vehumet [******]
Gold:   2287       SH: 10    Dex: 17    Spells: 6/48 levels left

rFire   + . .        a - +8 arc blade {discharge, rElec}
rCold   + . .        h - +4 buckler of Fun and Games {Dex+5}
rNeg    . . .        (body armour unavailable)
rPois   +            y - +2 hat of Uzxeokkaroa {Dex+2}
rElec   +            p - +1 cloak {rPois}
rCorr   .            Y - +2 pair of gloves
SInv    .            E - +2 pair of boots "Gopsips" {Slay+2}
Will    +....        Q - amulet of regeneration
Stlth   ++++++       M - +4 ring of protection
HPRegen 1.32/turn    z - ring of Buegeod {rF+ rC+}
MPRegen 0.26/turn

%: no passive effects
@: about to teleport, flying, hasted, studying Dodging, very quick
A: breathe lightning, AC +12, unfitting armour, big wings, electricity
resistance, cold-blooded, clumsy 1, dopey 1, devolution 1
}: 3/15 runes: decaying, serpentine, abyssal
a: Breathe Lightning, Renounce Religion


You were on level 5 of the Realm of Zot.
You worshipped Vehumet.
Vehumet was exalted by your worship.
You visited 8 branches of the dungeon, and saw 43 of its levels.
You visited the Abyss 1 time.
You also visited: Sewer and Ossuary.

You collected 8617 gold pieces.
You spent 6330 gold pieces at shops.

Inventory:

Hand Weapons
 a - the +8 arc blade (weapon) {discharge, rElec}
   (You found it on level 3 of the Lair of Beasts)

   rElec:     It insulates you from electricity.
 b - a +9 vampiric demon blade
Armour
 h - the +4 buckler of Fun and Games (worn) {Dex+5}
   (You bought it in a shop on level 1 of the Orcish Mines)

   Dex:       It affects your dexterity (+5).
 p - a +1 cloak of poison resistance (worn)
 w - a +1 kite shield of cold resistance
 y - the +2 hat of Uzxeokkaroa (worn) {Dex+2}
   (You acquired it on level 1 of the Snake Pit)

   Dex:       It affects your dexterity (+2).
 A - the +4 dragonskin cloak
   (You took it off Tiamat on level 4 of the Realm of Zot)

   Avatar's Aegis: It grants the wearer a chance to resist fire, cold, poison,
   electricity, acid, and negative energy.
 E - the +2 pair of boots "Gopsips" (worn) {Slay+2}
   (You bought it in a shop on level 1 of the Orcish Mines)

   Slay:      It affects your accuracy & damage with ranged weapons and melee
   (+2).
 Y - a +2 pair of gloves (worn)
Jewellery
 g - a ring of wizardry
 l - a ring of resist corrosion
 z - the ring of Buegeod (right hand) {rF+ rC+}
   (You took it off a tengu conjurer on level 2 of the Depths)

   [ring of protection from cold]

   rF:        It protects you from fire.
   rC:        It protects you from cold.
 C - a ring of protection from fire
 F - a ring of see invisible
 K - a ring of positive energy
 M - a +4 ring of protection (left hand)
 Q - an amulet of regeneration (around neck)
 Z - an amulet of guardian spirit
Wands
 m - a wand of quicksilver (39)
 n - a wand of paralysis (17)
 o - a wand of iceblast (69)
 r - a wand of digging (8)
 H - a wand of mindburst (13)
Scrolls
 c - 10 scrolls of teleportation
 i - 5 scrolls of fear
 j - 5 scrolls of revelation
 t - 3 scrolls of amnesia
 v - 5 scrolls of silence
 I - 3 scrolls of fog
 J - 2 scrolls of brand weapon
 L - 5 scrolls of immolation
 S - 2 scrolls of butterflies
 U - 31 scrolls of identify
Potions
 d - 9 potions of might
 e - 3 potions of curing
 f - a potion of berserk rage
 k - 5 potions of enlightenment
 q - 3 potions of ambrosia
 s - 4 potions of mutation
 u - 5 potions of lignification
 x - 11 potions of brilliance
 D - 5 potions of magic
 G - 4 potions of attraction
 O - 2 potions of resistance
Miscellaneous
 P - a lightning rod (4/4)


   Skills:
 + Level 11.7 Fighting
 - Level 13.3(14.0) Short Blades
 - Level 7.0(11.1) Long Blades
 - Level 19.6 Dodging
 - Level 16.5 Stealth
 - Level 5.0 Shields
 - Level 12.5 Spellcasting
 - Level 22.6 Conjurations
 - Level 10.6 Summonings
 - Level 2.3 Translocations
 - Level 4.0 Transmutations
 - Level 7.8 Ice Magic
 - Level 24.2 Air Magic


You had 6 spell levels left.
You knew the following spells:

 Your Spells              Type           Power      Damage    Failure   Level
b - Conjure Ball Lightni  Conj/Air       45%        3x3d16    1%          6
c - Ozocubu's Armour      Ice            52%        N/A       1%          3
e - Irradiate             Conj/Tmut      34%        3d23      1%          5
f - Static Discharge      Conj/Air       100%       2-7/arc   0%          2
g - Orb of Destruction    Conj           44%        9d12      1%          7
i - Blink                 Tloc           52%        N/A       3%          2
r - Maxwell's Capacitive  Air            46%        ∞         1%          8
t - Chain Lightning       Conj/Air       45%        3d60      11%         9

Your spell library contained the following spells:

 Spells                   Type           Power      Damage    Failure   Level
 Fire Storm               Conj/Fire      31%        8d8       100%        9
 Shatter                  Erth           7%         3d10*     100%        9
 Magic Dart               Conj           100%       1d8       0%          1
 Searing Ray              Conj           100%       2d8       0%          2
 Swiftness                Air            92%        N/A       0%          3
 Arcjolt                  Conj/Air       45%        1d55      0%          5
 Iskenderun's Battlesphe  Conj           89%        2d14      0%          5
 Apportation              Tloc           52%        N/A       1%          1
 Foxfire                  Conj/Fire      100%       2x1d9     1%          1
 Freeze                   Ice            100%       1d10      1%          1
 Summon Small Mammal      Summ           100%       N/A       1%          1
 Ensorcelled Hibernation  Hex/Ice        66%        N/A       1%          2
 Momentum Strike          Conj/Tloc      100%       3d10      1%          2
 Poisonous Vapours        Pois/Air       100%       N/A       1%          2
 Dazzling Flash           Conj/Hex       100%       N/A       1%          3
 Frozen Ramparts          Ice            100%       1d16      1%          3
 Stone Arrow              Conj/Erth      100%       3d13      1%          3
 Vhi's Electric Charge    Tloc/Air       100%       N/A       1%          3
 Flame Wave               Conj/Fire      62%        2d14      1%          4
 Fulminant Prism          Conj/Hex       31%        3d16      1%          4
 Summon Ice Beast         Ice/Summ       56%        N/A       1%          4
 Freezing Cloud           Conj/Ice/Air   40%        6-21      1%          5
 Silence                  Hex/Air        32%        N/A       1%          5
 Plasma Beam              Fire/Air       32%        2x1d45    1%          6
 Sting                    Tmut/Pois      96%        1d7       2%          1
 Ignite Poison            Fire/Tmut/Pois 21%        N/A       2%          3
 Leda's Unmaking          Conj/Erth      31%        9d6       2%          6
 Starburst                Conj/Fire      31%        6d9       2%          6
 Lesser Beckoning         Tloc           52%        N/A       3%          2
 Passwall                 Tmut/Erth      20%        N/A       3%          2
 Necrotise                Necr           60%        1d7       5%          1
 Summon Forest            Summ/Tloc      23%        N/A       11%         5
 Summon Cactus Giant      Summ           30%        N/A       11%         6
 Summon Mana Viper        Hex/Summ       40%        N/A       17%         5
 Passage of Golubria      Tloc           26%        N/A       21%         4
 Petrify                  Tmut/Erth      24%        N/A       24%         4
 Metabolic Englaciation   Hex/Ice        16%        N/A       30%         5
 Lee's Rapid Deconstruct  Erth           7%         3d7*      36%         5
 Animate Dead             Necr           15%        N/A       47%         4
 Alistair's Intoxication  Tmut/Pois      16%        N/A       54%         5
 Eringya's Noxious Bog    Tmut/Pois      12%        4d6       63%         6
 Borgnjor's Vile Clutch   Necr/Erth      7%         N/A       83%         5
 Simulacrum               Ice/Necr       16%        N/A       86%         6
 Death Channel            Necr           7%         N/A       100%        6
 Spellforged Servitor     Conj/Summ      38%        N/A       1%          7
 Ozocubu's Refrigeration  Ice            26%        4d13      41%         7
 Lehudib's Crystal Spear  Conj/Erth      31%        10d8      61%         8
 Discord                  Hex            7%         N/A       100%        8
 Disjunction              Tloc           13%        N/A       100%        8
 Polar Vortex             Ice            26%        12d3*     100%        9


Dungeon Overview and Level Annotations

Branches:
Dungeon (15/15)            Temple (0/1) D:5            Lair (5/5) D:10
  Swamp (4/4) Lair:3        Snake (4/4) Lair:3        Slime (0/5) Lair:5
    Orc (2/2) D:12            Elf (0/3) Orc:2        Vaults (4/5) D:14
  Crypt (0/3) Vaults:2     Depths (4/4) D:15            Zot (5/5) Depths:4
  Sewer (visited)         Ossuary (visited)

Altars:
Ashenzari
Cheibriados
Dithmenos
Gozag
Kikubaaqudgha
Makhleb
Nemelex Xobeh
Ru
Sif Muna
Uskayaw
Vehumet
Wu Jian
Xom
Yredelemnul
The Shining One
Jiyva

Shops:
D:4 (   D:6 [   Orc:1 [[:*   Orc:2 :=:*(   Snake:3 :   Snake:4 **   Vaults:1 (
Vaults:3 (   Vaults:4 ?*[(?

Portals:
Hell: Depths:1 Depths:2 Depths:3 Depths:4
Abyss: Depths:3
Pandemonium: Depths:2 Depths:4
Ziggurat: Depths:3
Trove: D:11 (give +5 demon whip)

Annotations:
D:15 3 runed translucent doors, exclusion: orange crystal statue
Zot:3 1 runed translucent door, Yrhuahis's ghost, legendary GrFi


Innate Abilities, Weirdness & Mutations

You can breathe wild blasts of lightning.
Your glossy black scales are hard. (AC +12)
You cannot fit into any form of body armour.
Your large and strong wings let you fly.
You are resistant to electric shocks. (rElec)
You are cold-blooded and may be slowed by cold attacks.
You are clumsy. (Dex -2)
You are dopey. (Int -2)
You have hidden genetic defects.


Message History

* * * LOW HITPOINT WARNING * * *
The dread lich mumbles some strange words.
You feel better.
Your surroundings suddenly seem different.
A Killer Klown, an Orb Guardian, a dread lich, a tentacled monstrosity and 2 moths of wrath come into view.
Found 3 poisoned darts, a club and a potion of haste.
The Killer Klown pies you viciously! The klown pie misses you.
The moth of wrath moves out of view.
An Orb Guardian comes into view.
As you read the scroll of fog, it dissolves into smoke.
The Orb Guardian enters a dispersal trap!
The moth of wrath blinks!
The dread lich blinks! x2; The Killer Klown blinks!
The moth of wrath blinks!
You blink.
A golden dragon, a yellow draconian and a purple draconian come into view.
The purple draconian is wielding a +1 flail of protection.
Found a scroll of identify.
The yellow draconian moves out of view.
The purple draconian moves out of view.
As you read the scroll of fog, it dissolves into smoke.
You feel yourself speed up.
The Orb Guardian hits you but does no damage.
The Orb Guardian hits you!
* * * LOW HITPOINT WARNING * * *
The moth of wrath's fur bristles in rage as it notices you.
You hear a deafening roar!
As you read the scroll of teleportation, it crumbles to dust.
You feel strangely unstable.
You feel the Orb delaying your translocation!
You hear a roar! x2; You hear a deafening roar! x2; You hear a roar!
The Orb Guardian misses you. You block the Orb Guardian's attack.
You feel better.
The moth of wrath goads the Orb Guardian on!
The Orb Guardian goes berserk!
The Orb Guardian misses you. The Orb Guardian hits you!
* * * LOW HITPOINT WARNING * * *
The Orb Guardian attacks as you move away!
The Orb Guardian barely misses you.
The Killer Klown blinks!
The Orb Guardian hits you!!!
* * * LOW HITPOINT WARNING * * *
The Orb Guardian hits you.
You die...

**,,,,,,,,,,,,,,,****
▓▓....^##▓▓▓▓*******
##............,,,,,,,
##...........?.,,,**,,
*#......yD....!..X.,***
*.....§...........D,,**
*...§§§§§§§.§....§.,,*
*...§§§y§§D......y.,,*
*...§§@X§§§........,,*
#....§§X§§§....§...,,*
#......§§§§§§......,,*
##.....§§§§§§p.^§..,**
##...p...§§...(^..**
##............^.#*
################ #....#
##### #....#


You could see a Killer Klown, 2 Orb Guardians and a moth of wrath.

Vanquished Creatures
  Tiamat (Zot:4)
  An orb of fire (Zot:5)
  2 juggernauts (Depths:3)
  Sojobo (Depths:3)
  Boris (twice) (Vaults:2 Depths:2)
  A Killer Klown (Zot:5)
  5 caustic shrikes
  9 golden dragons
  Nikola (Vaults:3)
  2 bone dragons
  3 doom hounds (Depths:3)
  3 electric golems
  17 tentacled monstrosities
  A walking crystal tome (Depths:4)
  Jorgrun (Snake:2)
  3 walking earthen tomes
  7 Orb Guardians (Zot:5)
  Asterion (Depths:1)
  5 quicksilver dragons
  Grunn (Depths:3)
  3 liches
  A titan (Depths:2)
  The ghost of Caumakya the Peltast, an adept MiFi of Okawaru (Snake:4)
  4 death cobs
  6 sphinxes
  Agnes (Snake:2)
  9 tentacled starspawn (Abyss:3)
  Aizul (Swamp:1)
  Kirke (Swamp:3)
  5 shadow dragons
  13 storm dragons
  6 tengu reavers
  7 fire giants
  2 fenstrider witches
  3 draconian monks
  3 nagarajas
  4 draconian knights
  A balrug (Depths:1)
  10 frost giants
  An iron dragon (Depths:2)
  A ghost moth (Zot:1)
  4 draconian scorchers
  4 draconian shifters
  A ghoul (Swamp:4)
  15 vault wardens
  2 reapers
  11 ironbound preservers
  4 spriggan defenders
  A juggernaut skeleton (Depths:1)
  20 very ugly things
  A cacodemon (Depths:4)
  2 orc warlords
  5 draconian annihilators
  4 draconian stormcallers
  2 formless jellyfish
  10 stone giants
  6 vampire knights
  5 ironbound thunderhulks
  A deep elf demonologist (Vaults:3)
  17 green draconians
  11 red draconians
  Nessos (Orc:2)
  9 white draconians
  15 black draconians
  17 purple draconians
  7 yellow draconians
  6 dire elephants (Vaults:1)
  9 spark wasps
  3 eleionomae
  13 ettins
  4 bunyips
  A crystal guardian (Vaults:1)
  2 green deaths
  Josephine (Lair:3)
  7 fire dragons
  A great orb of eyes (Vaults:3)
  An entropy weaver (Vaults:1)
  10 yaktaur captains
  A shambling mangrove (Swamp:4)
  18 ice dragons
  14 hydras
  A spriggan zombie (Abyss:3)
  Harold (D:10)
  3 vault guards
  Erica (D:10)
  5 rakshasas
  3 ogre magi
  5 spriggan air magi
  A hell beast (Depths:4)
  6 ironbound frosthearts
  3 ghost crabs
  10 anacondas
  4 salamander tyrants
  3 peacekeepers
  13 centaur warriors
  6 catoblepae
  7 two-headed ogres
  3 vampire magi
  5 boulder beetles
  6 tengu warriors
  6 naga sharpshooters
  2 hell hogs
  5 death yaks (Lair:5)
  8 deep troll shamans
  19 naga warriors
  7 alligators
  6 deep troll earth magi
  A titan zombie (Depths:1)
  A thrashing horror (Abyss:3)
  4 spriggan berserkers
  7 shock serpents
  Urug (Orc:2)
  2 orc high priests
  8 hell knights
  A titan skeleton (Depths:2)
  2 soul eaters
  10 iron trolls
  4 skeletal warriors (D:14)
  6 salamander mystics
  3 large abominations (Abyss:3)
  A skyshark (Lair:5)
  A shadow wraith (D:14)
  3 sixfirhies
  Lodul (D:12)
  8 goliath frogs
  35 deep trolls
  6 flayed ghosts
  A golden dragon zombie (Depths:2)
  6 spriggan druids
  6 swamp dragons
  8 lindwurms
  A bog body (Swamp:1)
  A phantasmal warrior (Vaults:3)
  5 harpies
  A deep elf archer (Orc:2)
  An iron dragon zombie (Depths:1)
  10 wizards
  An obsidian statue (Snake:4)
  9 naga ritualists
  3 glowing orange brains
  8 ironbound convokers
  An orc knight (Orc:1)
  13 orc sorcerers
  2 necromancers
  29 ugly things
  A mana viper (shapeshifter) (Depths:3)
  2 deep elf zephyrmancers
  8 deep elf pyromancers
  A frost giant zombie (Depths:2)
  15 mana vipers
  A moth of wrath (shapeshifter) (Depths:2)
  A shining eye (shapeshifter) (Depths:1)
  A salamander (shapeshifter) (D:13)
  A worldbinder (Abyss:3)
  4 cyclopes
  5 manticores
  Maurice (D:13)
  31 moths of wrath
  24 salamanders
  3 will-o-the-wisps
  17 vault sentinels
  A rust devil (Depths:2)
  A toenail golem (Abyss:3)
  26 elephants
  5 guardian serpents
  5 torpor snails
  3 orange demons
  13 cane toads
  22 naga magi
  40 black mambas
  Maggie (D:6)
  3 smoke demons
  A centaur skeleton (Abyss:3)
  6 rime drakes
  A kobold demonologist (Abyss:3)
  A rime drake (shapeshifter) (Abyss:3)
  2 efreet
  A yaktaur (shapeshifter) (Abyss:3)
  2 spriggan skeletons
  A freezing wraith (D:14)
  A komodo dragon (shapeshifter) (D:14)
  23 yaktaurs
  2 ice devils
  11 komodo dragons
  9 tengu conjurers
  An ancient zyme (Abyss:3)
  12 hornets
  5 trolls
  A hellwing (Swamp:4)
  A silent spectre (Abyss:3)
  13 tyrant leeches
  A wind drake (shapeshifter) (D:14)
  A dream sheep (shapeshifter) (D:14)
  17 blink frogs
  A sphinx simulacrum (Depths:1)
  8 raiju (Abyss:3)
  Sigmund (D:4)
  40 slime creatures
  10 spriggans
  3 water elementals (Depths:3)
  9 wraiths
  A ynoxinul (Depths:4)
  6 wyverns
  A vampire (Abyss:3)
  52 yaks
  2 basilisks
  Eustachio (D:4)
  6 hogs (Swamp:3)
  3 steam dragons
  8 neqoxecs
  A redback (Vaults:2)
  5 chaos spawn
  Menkaure (D:7)
  11 vampire mosquitoes
  12 swamp worms
  40 nagas
  8 wargs
  A naga zombie (Abyss:3)
  A glowing shapeshifter zombie (Depths:2)
  A floating eye (shapeshifter) (Vaults:2)
  A floating eye (Abyss:3)
  23 water moccasins
  2 sky beasts (D:10)
  2 black bears
  2 swamp drakes (Swamp:1)
  6 ice beasts
  24 orc warriors
  10 centaurs
  17 ogres
  A phantom (D:6)
  4 kobold brigands
  Blork the orc (D:6)
  15 bullfrogs
  2 gnoll sergeants
  4 scorpions
  3 water moccasin zombies (Ossuary)
  5 small abominations (Abyss:3)
  A wight (Abyss:3)
  10 killer bees
  An electric eel (Lair:1)
  12 howler monkeys
  5 jellies
  3 hounds
  2 gnoll boudas
  18 orc priests
  12 starcursed masses (Abyss:3)
  An iron imp (Abyss:3)
  Jessica (D:2)
  6 iguanas
  Ijyb (D:3)
  Natasha (thrice) (D:2)
  38 orc wizards
  10 hell rats
  3 mummies
  13 gnolls
  12 adders
  A shadow imp (D:6)
  2 white imps
  6 ufetubi
  5 adder zombies (Ossuary)
  3 worms
  4 dart slugs
  77 orcs
  7 endoplasms
  4 giant cockroaches
  3 goblins
  3 hobgoblins
  23 kobolds
  5 quokkas
  10 ball pythons
  4 bats
  8 frilled lizards
  4 gnoll zombies (Ossuary)
  5 hobgoblin zombies (Ossuary)
  6 kobold zombies (Ossuary)
  5 orc zombies (Ossuary)
  6 rats
  4 starspawn tentacles (Abyss:3)
1817 creatures vanquished.

Vanquished Creatures (collateral kills)
  A boulder beetle (Lair:2)
  A skyshark (Lair:3)
  An elephant (Lair:1)
  A polar bear (Lair:3)
  4 yaks
  A wyvern (Lair:3)
  A wraith (Lair:3)
  A basilisk (Lair:2)
  An orc warrior (D:11)
  A bullfrog (Lair:3)
  A gnoll sergeant (D:11)
  A scorpion (D:10)
  An orc wizard (D:11)
  5 gnolls
  A dart slug (D:5)
  3 orcs
  A ball lightning (Depths:3)
26 creatures vanquished.

Vanquished Creatures (others)
  A fenstrider witch (Swamp:4)
  A fire giant (Depths:3)
  2 alligators (Swamp:3)
  2 bloated husks
  A naga (Snake:4)
  A sky beast (D:10)
  An orc priest (Orc:1)
  2 orc wizards
  3 orcs (Orc:2)
  361 ball lightnings
  13 foxfires
  2 lurking horrors
  11 starspawn tentacles (Abyss:3)
401 creatures vanquished.

Grand Total: 2244 creatures vanquished

Notes
Turn   | Place    | Note
-------+----------+-------------------------------------------
     0 | D:1      | Shard1697 the Draconian Ice Elementalist began the quest
                  | for the Orb.
     0 | D:1      | Reached XP level 1. HP: 14/14 MP: 3/3
   252 | D:1      | Reached XP level 2. HP: 12/20 MP: 3/5
   342 | D:1      | Found a faded altar of an unknown god.
   958 | D:2      | Noticed Jessica
   976 | D:2      | Killed Jessica
   977 | D:2      | Reached XP level 3. HP: 16/26 MP: 2/7
  1056 | D:2      | Learned a level 3 spell: Frozen Ramparts
  1060 | D:2      | Learned a level 3 spell: Ozocubu's Armour
  1075 | D:2      | Noticed Natasha
  1081 | D:2      | Killed Natasha
  1082 | D:2      | Reached skill level 5 in Ice Magic
  1082 | D:2      | Reached XP level 4. HP: 32/33 MP: 2/8
  1272 | D:2      | Noticed Natasha
  1276 | D:2      | Killed Natasha
  1424 | D:2      | Reached XP level 5. HP: 38/38 MP: 6/10
  1679 | D:2      | Noticed Natasha
  1692 | D:2      | HP: 1/38 [cerulean imp/+1 spear[Natasha] (2)]
  1693 | D:2      | Killed Natasha
  1852 | D:3      | Noticed Ijyb
  1865 | D:2      | Learned a level 4 spell: Summon Ice Beast
  1937 | D:3      | Killed Ijyb
  2015 | D:3      | Reached skill level 1 in Summonings
  2208 | D:3      | Reached XP level 6. HP: 38/45 MP: 12/12
  2556 | D:3      | Found a shimmering blue altar of Sif Muna.
  2863 | D:4      | Found Okeggi's Antique Weapon Boutique.
  2863 | D:4      | Found a glowing golden altar of the Shining One.
  2971 | D:4      | Identified the +7 chain mail of Atheism {+Inv Regen+
                  | Stlth+}
  2984 | D:4      | Found a sparkling altar of Nemelex Xobeh.
  2993 | D:4      | Found a broken altar of Ashenzari.
  3007 | D:4      | Noticed Sigmund
  3012 | D:4      | Found a burning altar of Makhleb.
  3012 | D:4      | Found a sacrificial altar of Ru.
  3017 | D:4      | Killed Sigmund
  3118 | D:4      | Found a radiant altar of Vehumet.
  3129 | D:4      | Became a worshipper of Vehumet
  3141 | D:4      | Your scales start taking on a glossy black colour.
  3141 | D:4      | Reached XP level 7. HP: 38/50 MP: 13/13
  3141 | D:4      | Gained mutation: You are resistant to electric shocks.
                  | (rElec) [Black Draconian growth]
  3201 | D:4      | Got the Volume of Power
  3310 | D:4      | Noticed Eustachio
  3318 | D:4      | Killed Eustachio
  3671 | D:5      | Entered Level 5 of the Dungeon
  3691 | D:5      | Reached skill level 5 in Summonings
  3915 | D:5      | Reached XP level 8. HP: 52/57 MP: 14/14
  3922 | D:5      | Reached * piety under Vehumet
  3922 | D:5      | Offered knowledge of Foxfire by Vehumet.
  4036 | D:5      | Found a staircase to the Ecumenical Temple.
  4783 | D:6      | Found a glowing drain.
  4815 | Sewer    | Entered a sewer
  4947 | Sewer    | Offered knowledge of Searing Ray by Vehumet.
  4953 | Sewer    | Learned a level 2 spell: Searing Ray
  4984 | Sewer    | Reached ** piety under Vehumet
  5015 | Sewer    | Reached skill level 1 in Fighting
  5463 | D:6      | Found Xoros's Antique Armour Emporium.
  5556 | D:6      | Noticed Maggie
  5565 | D:6      | Reached skill level 1 in Conjurations
  5568 | D:6      | Killed Maggie
  5569 | D:6      | Reached XP level 9. HP: 51/70 MP: 15/15
  5831 | D:6      | Noticed Blork the orc
  5845 | D:6      | Killed Blork the orc
  6200 | D:7      | Found a sand-covered staircase.
  6208 | Ossuary  | Entered an ossuary
  6213 | Ossuary  | Offered knowledge of Static Discharge by Vehumet.
  6219 | Ossuary  | Learned a level 2 spell: Static Discharge
  6280 | Ossuary  | Reached *** piety under Vehumet
  6328 | Ossuary  | Reached skill level 1 in Air Magic
  6344 | Ossuary  | Offered knowledge of Iskenderun's Mystic Blast by Vehumet.
  6432 | D:7      | Noticed Menkaure
  6438 | D:7      | Killed Menkaure
  6439 | D:7      | Reached skill level 2 in Air Magic
  6736 | D:7      | Noticed a two-headed ogre
  6748 | D:7      | Reached skill level 3 in Air Magic
  6748 | D:7      | Killed a two-headed ogre
  6749 | D:7      | Reached skill level 5 in Spellcasting
  6749 | D:7      | Reached skill level 4 in Air Magic
  7028 | D:7      | Reached skill level 5 in Conjurations
  7266 | D:7      | Reached XP level 10. HP: 38/80 MP: 18/18
  7447 | D:7      | Noticed a two-headed ogre
  7452 | D:7      | Killed a two-headed ogre
  7453 | D:7      | Reached skill level 5 in Air Magic
  7469 | D:7      | Reached **** piety under Vehumet
  7663 | D:7      | Reached skill level 1 in Shields
  7665 | D:7      | Reached skill level 6 in Air Magic
  7801 | D:7      | Noticed a deep elf pyromancer
  7807 | D:7      | Killed a deep elf pyromancer
  7807 | D:7      | Offered knowledge of Iskenderun's Battlesphere by Vehumet.
  7815 | D:7      | Learned a level 5 spell: Iskenderun's Battlesphere
  7817 | D:7      | Learned a level 1 spell: Magic Dart
  8858 | D:9      | Noticed a two-headed ogre
  8866 | D:9      | Killed a two-headed ogre
  8867 | D:9      | Reached skill level 7 in Air Magic
  8955 | D:9      | Reached XP level 11. HP: 64/85 MP: 21/21
  9465 | D:9      | Found a hide-covered altar of Uskayaw.
  9809 | D:10     | Entered Level 10 of the Dungeon
  9918 | D:10     | HP: 4/85 [something/ball of steam (16)]
 10289 | D:10     | Reached skill level 5 in Shields
 10819 | D:10     | Noticed Harold
 10840 | D:10     | Killed Harold
 10840 | D:10     | Reached ***** piety under Vehumet
 11285 | D:10     | Found a staircase to the Lair.
 11675 | D:11     | Noticed a brown ugly thing
 11789 | D:11     | Killed a brown ugly thing
 11873 | D:11     | Offered knowledge of Plasma Beam by Vehumet.
 11881 | D:11     | Reached skill level 10 in Conjurations
 12123 | D:11     | Found a portal to a secret trove of treasure.
 12522 | D:11     | Learned a level 5 spell: Irradiate
 12572 | Lair:1   | Entered Level 1 of the Lair of Beasts
 12583 | Lair:1   | Identified a scroll of acquirement
 12583 | Lair:1   | Acquired 1117 gold pieces
 12781 | Lair:1   | Noticed Erica
 13143 | D:10     | Killed Erica
 13371 | Lair:1   | Reached skill level 1 in Long Blades
 13732 | Lair:1   | Reached XP level 12. HP: 57/92 MP: 16/22
 14906 | Lair:2   | Noticed a seven-headed hydra
 14917 | Lair:2   | Killed a seven-headed hydra
 14944 | Lair:2   | Reached skill level 5 in Long Blades
 15699 | Lair:2   | Noticed a boulder beetle
 15728 | Lair:2   | Killed a boulder beetle
 15729 | Lair:2   | Reached skill level 1 in Transmutations
 16553 | Lair:3   | Offered knowledge of Olgreb's Toxic Radiance by Vehumet.
 16605 | Lair:3   | Found a staircase to the Snake Pit.
 16605 | Lair:3   | Noticed a boulder beetle
 16618 | Lair:3   | Killed a boulder beetle
 16750 | Lair:3   | Noticed Josephine
 16758 | Lair:3   | Killed Josephine
 16836 | Lair:3   | Reached XP level 13. HP: 45/99 MP: 26/26
 16994 | Lair:3   | Learned a level 6 spell: Summon Cactus Giant
 17003 | Lair:3   | Identified the +7 short sword "Onoinirgh" {freeze, rCorr
                  | Str+7}
 17321 | Lair:3   | Found a staircase to the Swamp.
 17584 | Lair:3   | Reached skill level 10 in Summonings
 17618 | Lair:3   | Found the +8 arc blade {discharge, rElec}
 17665 | Lair:3   | Reached skill level 1 in Short Blades
 18388 | Lair:4   | Reached skill level 5 in Fighting
 18394 | Lair:4   | Reached skill level 5 in Short Blades
 19091 | Lair:5   | Entered Level 5 of the Lair of Beasts
 19283 | Lair:5   | Gained mutation: Your large and strong wings let you fly.
                  | [Black Draconian growth]
 19283 | Lair:5   | Reached XP level 14. HP: 68/111 MP: 27/27
 19674 | Lair:5   | Found a staircase to the Slime Pits.
 19675 | Lair:5   | Found a viscous altar of Jiyva.
 19731 | Lair:5   | Identified the +0 whip of the Toadstool {holy, rElec rN+++
                  | Dex-2 Stlth+}
 19895 | Lair:5   | Offered knowledge of Ozocubu's Refrigeration by Vehumet.
 20574 | Lair:5   | Found the +8 orange crystal plate armour {Archmagi, Int+3
                  | Clar}
 20593 | Lair:5   | Got the Precepts of Grounded Pyromancy
 20812 | D:12     | Reached skill level 5 in Dodging
 20940 | D:12     | Noticed Lodul
 20951 | D:12     | Killed Lodul
 20965 | D:12     | Reached skill level 10 in Fighting
 21229 | D:12     | Found a staircase to the Orcish Mines.
 21484 | D:12     | Offered knowledge of Orb of Destruction by Vehumet.
 21496 | D:12     | Learned a level 7 spell: Orb of Destruction
 21803 | Orc:1    | Entered Level 1 of the Orcish Mines
 21947 | Orc:1    | Found Qov Loir's Armour Emporium.
 21953 | Orc:1    | Bought the +4 buckler of Fun and Games {Dex+5} for 756 gold
                  | pieces
 21988 | Orc:1    | Found Qopte's Antique Armour Emporium.
 22014 | Orc:1    | Bought a pair of pitted boots for 275 gold pieces
 22014 | Orc:1    | Identified the +2 pair of boots "Gopsips" {Slay+2} (You
                  | bought it in a shop on level 1 of the Orcish Mines)
 22043 | Orc:1    | Found Joushrag's Book Shop.
 22103 | Orc:1    | Found Pefecuith's Assorted Antiques.
 22106 | Orc:1    | Bought a book of Chaos for 600 gold pieces
 22252 | Orc:1    | Bought a scroll of fear for 120 gold pieces
 22379 | Orc:2    | Entered Level 2 of the Orcish Mines
 22396 | Orc:2    | Found a staircase to the Elven Halls.
 22412 | Orc:2    | Reached skill level 10 in Short Blades
 22658 | Orc:2    | Reached XP level 15. HP: 107/123 MP: 28/28
 22718 | Orc:2    | Found Ekeitauf's Antique Weapon Emporium.
 22854 | Orc:2    | Found Delo Wunk's Assorted Antiques.
 22854 | Orc:2    | Found Qaele's Book Shop.
 22868 | Orc:2    | Reached ****** piety under Vehumet
 22886 | Orc:2    | Bought a book of Power for 462 gold pieces
 22896 | Orc:2    | Bought a scroll of teleportation for 81 gold pieces
 22896 | Orc:2    | Bought a scroll of teleportation for 81 gold pieces
 22964 | Orc:2    | Found Neulaont's Book Shop.
 22964 | Orc:2    | Found Vamanoly's Jewellery Shoppe.
 23016 | Orc:2    | Bought Maxwell's Memoranda for 494 gold pieces
 23038 | Orc:2    | Noticed Nessos
 23046 | Orc:2    | Killed Nessos
 23058 | Orc:2    | Noticed Urug
 23067 | Orc:2    | Killed Urug
 23657 | D:13     | Noticed Maurice
 23666 | D:13     | Killed Maurice
 23973 | D:13     | Reached skill level 8 in Air Magic
 24459 | D:14     | Offered knowledge of Yara's Violent Unravelling by Vehumet.
 24527 | D:14     | Reached skill level 5 in Stealth
 24953 | D:14     | Found a gate to the Vaults.
 25391 | D:14     | Reached skill level 9 in Air Magic
 25453 | D:15     | Entered Level 15 of the Dungeon
 25614 | D:15     | Found a runed translucent door.
 25952 | D:15     | Found a runed translucent door.
 25988 | D:15     | Found a runed translucent door.
 25994 | D:15     | Found a runed translucent door.
 26064 | D:15     | Found a sparkling altar of Nemelex Xobeh.
 26113 | D:15     | Found a staircase to the Depths.
 26494 | Snake:1  | Entered Level 1 of the Snake Pit
 26567 | Snake:1  | Reached XP level 16. HP: 51/134 MP: 27/29
 26708 | Snake:1  | Reached skill level 10 in Air Magic
 26725 | Snake:1  | Offered knowledge of Starburst by Vehumet.
 26937 | Snake:1  | Acquired 1010 gold pieces
 26939 | Snake:1  | Acquired the +2 hat of Uzxeokkaroa {Dex+2}
 26946 | Snake:1  | Acquired a book of Spatial Translocations
 27460 | Snake:2  | Learned a level 6 spell: Conjure Ball Lightning
 27533 | Snake:2  | HP: 5/134 [salamander/arrow (5)]
 27767 | Snake:2  | Noticed Agnes
 27777 | Snake:2  | Killed Agnes
 27800 | Snake:2  | Noticed Jorgrun
 27882 | Snake:2  | Killed Jorgrun
 28783 | Snake:2  | Found a shadowy altar of Dithmenos.
 29850 | Snake:3  | Noticed a walking earthen tome
 29852 | Snake:3  | Found Kionniliqo's Book Shoppe.
 29854 | Snake:3  | Noticed a walking frostbound tome
 29880 | Snake:3  | Bought a manual of Dodging for 1520 gold pieces
 29980 | Snake:3  | Offered knowledge of Ignition by Vehumet.
 30067 | Snake:3  | Reached skill level 10 in Dodging
 30768 | Snake:4  | Entered Level 4 of the Snake Pit
 30966 | Snake:4  | Reached XP level 17. HP: 50/140 MP: 30/30
 31923 | Snake:4  | Learned a level 2 spell: Blink
 32089 | Snake:4  | Reached skill level 1 in Translocations
 32346 | Snake:4  | Got a serpentine rune of Zot
 32541 | Snake:4  | Offered knowledge of Fire Storm by Vehumet.
 32541 | Snake:4  | Offered knowledge of Shatter by Vehumet.
 32541 | Snake:4  | Offered knowledge of Chain Lightning by Vehumet.
 32554 | Snake:4  | Learned a level 9 spell: Chain Lightning
 32562 | Snake:4  | Reached skill level 11 in Air Magic
 32718 | Snake:4  | Found a runed translucent gate.
 32718 | Snake:4  | Found a runed translucent gate.
 32718 | Snake:4  | Found a runed translucent gate.
 32748 | Snake:4  | Found an opulent altar of Gozag.
 32793 | Snake:4  | Found Ydilorra's Assorted Antiques.
 32794 | Snake:4  | Noticed Caumakya's ghost (adept MiFi)
 32795 | Snake:4  | Found Dour Ceu's Assorted Antiques.
 32854 | Snake:4  | Reached skill level 15 in Conjurations
 32854 | Snake:4  | Killed Caumakya's ghost
 32977 | Snake:4  | Bought a potion of invisibility for 280 gold pieces
 33007 | Snake:4  | Bought a scroll of teleportation for 105 gold pieces
 33326 | Swamp:1  | Entered Level 1 of the Swamp
 33497 | Swamp:1  | Noticed Aizul
 33538 | Swamp:1  | Killed Aizul
 34789 | Swamp:3  | Reached skill level 12 in Air Magic
 35259 | Orc:2    | Bought a manual of Stealth for 1040 gold pieces
 35743 | Swamp:3  | Noticed Kirke
 35769 | Swamp:3  | Killed Kirke
 35925 | Swamp:4  | Entered Level 4 of the Swamp
 35961 | Swamp:4  | Reached XP level 18. HP: 113/147 MP: 31/31
 36712 | Swamp:4  | Paralysed by something for 5 turns
 36728 | Swamp:4  | Reached skill level 15 in Dodging
 36740 | Swamp:4  | Reached skill level 13 in Air Magic
 36925 | Swamp:4  | Paralysed by an orc sorcerer for 5 turns
 37241 | Swamp:4  | Paralysed by a fenstrider witch for 4 turns
 37346 | Swamp:4  | Got a decaying rune of Zot
 37745 | Vaults:1 | Entered Level 1 of the Vaults
 37961 | Vaults:1 | HP: 5/147 [crystal guardian/crystal bolt[a peacekeeper]
                  | (26)]
 38412 | Vaults:1 | Reached skill level 10 in Spellcasting
 38695 | Vaults:1 | Found Seaduown's Weapon Boutique.
 39629 | Vaults:2 | Noticed Boris
 39745 | Vaults:2 | Killed Boris
 40199 | Vaults:2 | Reached XP level 19. HP: 153/154 MP: 34/34
 40302 | Vaults:2 | Found a staircase to the Crypt.
 40302 | Vaults:2 | Found an ancient bone altar of Kikubaaqudgha.
 40302 | Vaults:2 | Found a basalt altar of Yredelemnul.
 40331 | Vaults:2 | Identified the +4 sling of the Inferno {elec, Fragile rC-
                  | rN+++ Will+}
 41179 | Vaults:3 | Found Kamyst's Weapon Shoppe.
 41271 | Vaults:3 | Learned a level 8 spell: Maxwell's Capacitive Coupling
 41453 | Vaults:3 | Reached skill level 10 in Stealth
 41467 | Vaults:3 | Reached skill level 14 in Air Magic
 41689 | Vaults:3 | Noticed Nikola
 41697 | Vaults:3 | Killed Nikola
 42506 | Vaults:3 | Reached skill level 15 in Air Magic
 43180 | Vaults:4 | Found Weicrenn's Antique Armour Emporium.
 43196 | Vaults:4 | Found Acoscheby's Assorted Antiques.
 43204 | Vaults:4 | Bought a potion of heal wounds for 130 gold pieces
 43677 | Vaults:4 | Found Wana's Magic Scroll Emporium.
 43681 | Vaults:4 | Bought a scroll of fear for 56 gold pieces
 43840 | Vaults:4 | Found Vaonyush's Magic Scroll Shop.
 43856 | Vaults:4 | Reached skill level 16 in Air Magic
 43943 | Vaults:4 | Bought a scroll of blinking for 165 gold pieces
 43943 | Vaults:4 | Bought a scroll of blinking for 165 gold pieces
 43965 | Vaults:4 | Identified the +0 rapier "Ruys" {flame, *Slow rPois Int+4}
 44214 | Vaults:4 | Found Inamym's Antique Weapon Boutique.
 44308 | Vaults:4 | Reached XP level 20. HP: 161/161 MP: 36/36
 44848 | Depths:1 | Entered Level 1 of the Depths
 45593 | Depths:1 | Reached skill level 17 in Air Magic
 45678 | Depths:1 | Got the Handbook of Conduction
 45829 | Depths:1 | Found a gateway to Hell.
 45896 | Depths:1 | Noticed Asterion
 45900 | Depths:1 | Killed Asterion
 46528 | Depths:2 | Noticed Boris
 47370 | Depths:2 | Killed Boris
 47512 | Depths:1 | Reached skill level 18 in Air Magic
 47787 | Depths:2 | Found an ornate altar of the Wu Jian Council.
 48155 | Depths:2 | Noticed a golden dragon
 48399 | Depths:2 | Killed a golden dragon
 48919 | Depths:2 | Found a one-way gate leading to the halls of Pandemonium.
 49208 | Depths:2 | Identified the +6 plate armour "Masuk" {Str+2 Slay+5}
 49366 | Depths:2 | Noticed a golden dragon
 49384 | Depths:2 | Killed a golden dragon
 49387 | Depths:2 | Identified the +0 short sword "Hydra's Death" {drain,
                  | rElec}
 49529 | Depths:2 | Identified the ring of Buegeod {rF+ rC+}
 49596 | Depths:2 | Reached XP level 21. HP: 152/168 MP: 37/37
 49612 | Depths:2 | Identified the +1 ring mail of Gausosto {rF+}
 49651 | Depths:2 | Reached skill level 19 in Air Magic
 50809 | Depths:3 | Found a one-way gateway to a ziggurat.
 50867 | Depths:3 | Noticed Grunn
 51283 | Depths:3 | Found a one-way gate to the infinite horrors of the Abyss.
 51358 | Depths:3 | Killed Grunn
 51601 | Depths:3 | Noticed a caustic shrike
 51608 | Depths:3 | Killed a caustic shrike
 51676 | Depths:3 | Got the Parchment of Moulding
 51741 | Depths:3 | Reached skill level 20 in Air Magic
 51877 | Depths:3 | Noticed a caustic shrike
 51880 | Depths:3 | Noticed a caustic shrike
 51882 | Depths:3 | Noticed a caustic shrike
 51887 | Depths:3 | Killed a caustic shrike
 52005 | Depths:2 | Killed a caustic shrike
 52221 | Depths:2 | Killed a caustic shrike
 52307 | Depths:3 | Noticed Sojobo
 52322 | Depths:3 | Killed Sojobo
 52535 | Depths:3 | Noticed a juggernaut
 52540 | Depths:3 | Killed a juggernaut
 52555 | Depths:3 | Noticed a caustic shrike
 52560 | Depths:3 | Killed a caustic shrike
 53052 | Depths:3 | Reached skill level 21 in Air Magic
 53249 | Depths:3 | Noticed a golden dragon
 53257 | Depths:3 | Killed a golden dragon
 53307 | Depths:3 | Noticed a juggernaut
 53312 | Depths:3 | Noticed a golden dragon
 53316 | Depths:3 | Killed a juggernaut
 53318 | Depths:3 | Identified the +5 plate armour "Omomab" {+Blink +Inv rN++
                  | Regen+}
 53326 | Depths:3 | Noticed a golden dragon
 53597 | Depths:3 | Killed a golden dragon
 53901 | Depths:3 | Killed a golden dragon
 53908 | Depths:3 | Reached XP level 22. HP: 174/174 MP: 30/38
 53908 | Depths:3 | Found a snail-covered altar of Cheibriados.
 53919 | Depths:3 | Got the Incunabulum of the Burning Atmosphere
 54020 | Depths:4 | Entered Level 4 of the Depths
 54375 | Depths:4 | Noticed a golden dragon
 54380 | Depths:4 | Killed a golden dragon
 54395 | Depths:4 | Paralysed by a sphinx for 4 turns
 54769 | Depths:4 | Reached skill level 22 in Air Magic
 56279 | Depths:4 | Gained mutation: Your magical capacity is low. (-10% MP) [a
                  | cacodemon]
 56280 | Depths:4 | Gained mutation: You have hidden genetic defects. [a
                  | cacodemon]
 56281 | Depths:4 | Gained mutation: You occasionally lose the ability to drink
                  | potions when taking damage. [a cacodemon]
 56281 | Depths:4 | Gained mutation: Potions are less effective at restoring
                  | your health. [mutagenic glow]
 56291 | Depths:4 | Lost mutation: Potions are less effective at restoring your
                  | health. [potion of mutation]
 56291 | Depths:4 | Lost mutation: You occasionally lose the ability to drink
                  | potions when taking damage. [potion of mutation]
 56291 | Depths:4 | Lost mutation: Your magical capacity is low. (-10% MP)
                  | [potion of mutation]
 56291 | Depths:4 | Lost mutation: You have hidden genetic defects. [potion of
                  | mutation]
 56291 | Depths:4 | Gained mutation: You are occasionally teleported next to
                  | monsters. [potion of mutation]
 56291 | Depths:4 | Gained mutation: You have sharp toenails. [potion of
                  | mutation]
 56292 | Depths:4 | Lost mutation: You are occasionally teleported next to
                  | monsters. [potion of mutation]
 56292 | Depths:4 | Lost mutation: You have sharp toenails. [potion of
                  | mutation]
 56292 | Depths:4 | Gained mutation: You are clumsy. (Dex -2) [potion of
                  | mutation]
 56482 | Depths:4 | Found a gate to the Realm of Zot.
 56738 | Depths:3 | Voluntarily entered the Abyss.
 56758 | Abyss:2  | Found a corrupted altar of Lugonu.
 56862 | Abyss:3  | Found a corrupted altar of Lugonu.
 57445 | Abyss:3  | Found a corrupted altar of Lugonu.
 57484 | Abyss:3  | Gained mutation: You are dopey. (Int -2) [a neqoxec]
 57492 | Abyss:3  | Paralysed by accursed screaming for 1 turns
 57666 | Abyss:3  | Paralysed by a floating eye for 3 turns
 57697 | Abyss:3  | Got an abyssal rune of Zot
 57837 | Abyss:4  | Noticed a dread lich
 57840 | Abyss:4  | Paralysed by a dread lich for 2 turns
 57891 | Depths:3 | Escaped the Abyss
 57972 | Zot:1    | Entered Level 1 of the Realm of Zot
 57994 | Zot:1    | Reached skill level 23 in Air Magic
 59064 | Zot:2    | Reached XP level 23. HP: 175/181 MP: 16/39
 59882 | Zot:1    | Reached skill level 24 in Air Magic
 60228 | Zot:1    | Identified the +8 war axe of Malum In Se {venom, Dex+4}
 62559 | Zot:3    | Reached skill level 15 in Stealth
 62705 | Zot:3    | Found a runed translucent door.
 62705 | Zot:3    | Found a shimmering altar of Xom.
 62707 | Zot:3    | Noticed Yrhuahis's ghost (legendary GrFi)
 63701 | Zot:3    | Identified the +3 chain mail "Tusin" {Str+4}
 64690 | Zot:4    | Found the +4 dragonskin cloak
 64690 | Zot:4    | Noticed Tiamat
 65069 | Zot:4    | Killed Tiamat
 65967 | Zot:5    | Entered Level 5 of the Realm of Zot
 66078 | Zot:5    | Reached XP level 24. HP: 185/189 MP: 16/39
 66751 | Zot:5    | Noticed an orb of fire
 66754 | Zot:5    | Noticed a Killer Klown
 66757 | Zot:5    | Killed a Killer Klown
 66761 | Zot:5    | Killed an orb of fire
 66763 | Zot:5    | Noticed an orb of fire
 66775 | Zot:5    | Noticed a dread lich
 66778 | Zot:5    | Gained mutation: You have hidden genetic defects. [an orb
                  | of fire]
 66784 | Zot:5    | Noticed a Killer Klown
 66784 | Zot:5    | Noticed a dread lich
 66791 | Zot:5    | HP: 4/194 [Orb Guardian (36)]
 66791 | Zot:5    | Slain by an Orb Guardian

Illustrated notes

Levels and vault maps discovered:
D:1:      dpeg_arrival_simpleton_b, layout_basic,
          shapermc_ecumenical_altar_petra
D:2:      layout_loops_ring, uniq_jessica, uniq_natasha
D:3:      layout_loops_cross, lemuel_blue_sif_altar, uniq_ijyb
D:4:      layout_loops_cross, nicolae_overflow_macrodata_refinement,
          mainiacjoe_overflow_big_doors, serial_shops, shop, uniq_eustachio,
          uniq_sigmund
D:5:      layout_basic, minmay_temple_entry_crystal_x
D:6:      layout_basic, portal_sewer_entry_d, serial_shops,
          nicolae_shop_just_a_little_nook, uniq_maggie, uniq_blork_the_orc
D:7:      cheibrodos_barr_body, layout_basic, gup_ossuary_entry_pyramid,
          guppyfry_early_elven_hall, uniq_menkaure
D:8:      layout_loops_cross
D:9:      layout_loops_ring, mainiacjoe_overflow_six_doors_small,
          evilmike_butchery
D:10:     layout_irregular_city, grunt_lair_entry_orc_guard_hut,
          hangedman_misty_isle, uniq_harold
D:11:     layout_cross, enter_trove_1, st_stairs_7
D:12:     layout_small_grid, david_orc_4, uniq_lodul
D:13:     layout_basic, uniq_maurice
D:14:     minmay_inner_zag, layout_stronghold, david_vaults_4, minivault_11
D:15:     grunt_enter_depths_snipers, layout_rooms,
          nemelex_xobeh_ov_fountains_minmay, minmay_misc_feat_diagonals,
          hangedman_abyss_or_decor_lesser_grid, minmay_statue_crystal_thing
Lair:1:   layout_small_grid, serial_bayou_lagoon_a, lemuel_fruit_fields,
          uniq_erica
Lair:2:   layout_chaotic_city
Lair:3:   nzn_winding_woodlands_medium [nzn_winding_woodlands_5x5_closed_star,
          nzn_winding_woodlands_5x15_pathside_ponds,
          nzn_winding_woodlands_hourglass, nzn_winding_woodlands_5x5_open_star,
          nzn_winding_woodlands_center_garden, nzn_winding_woodlands_5x5_three,
          nzn_winding_woodlands_5x5_default,
          nzn_winding_woodlands_5x15_longhouse,
          nzn_winding_woodlands_5x5_checkerboard], layout_chaotic_city,
          minmay_swamp_entry_reptiles, pdpol_lair_neglected_garden,
          minmay_holes, chequers_serial_rivers_micro_b, lemuel_fruit_tree,
          serial_bayou_shore_b, uniq_josephine
Lair:4:   layout_cellular_growth
Lair:5:   evilmike_catoblepas_cave, layout_cave_pods, minmay_slime_entry_pillars
Swamp:1:  layout_basic_swamp, evilmike_swamp_ruin_house_3, uniq_aizul
Swamp:2:  layout_basic_swamp, evilmike_swamp_ruin_house_1
Swamp:3:  layout_basic_swamp, evilmike_swamp_ruin_rubble_2, swamp_pool4,
          uniq_kirke
Swamp:4:  nzn_swamp_witches_coven, layout_basic_swamp, infiniplex_staircase_pool
Snake:1:  layout_onion_interference
Snake:2:  layout_layer_cave, basic_altar, hangedman_snake_thin_pillar_pass,
          nicolae_snake_guarding_the_ruins, uniq_agnes, uniq_jorgrun
Snake:3:  layout_basic, serial_shops, nicolae_shop_mannequins,
          serial_bayou_pond_e, grunt_megastairs_2
Snake:4:  snake_pit, layout_cave_town, ebering_ghost_gozag
Orc:1:    layout_diamond_mine, serial_shops, nicolae_shop_rolling_square,
          nicolae_shop_advertising_works [nicolae_subvault_shop_adworks], shop,
          nicolae_shop_peninsula, minmay_orc_temple_a
Orc:2:    st_orc_town, layout_diamond_mine, serial_shops, shop, elf_legates,
          uniq_nessos, uniq_urug
Vaults:1: nicolae_vaults_door_testing_chamber, ontoclasm_vaults_decontamination,
          nicolae_vaults_double_plus_1, vaults_standard_mumra_enter_the_diamond,
          nicolae_vaults_surprise_closet, v_rooms_6,
          ontoclasm_vaults_ring_large, v_misc_12,
          nicolae_vaults_storage_room_water, v_misc_3, layout_vaults_big_room,
          serial_shops, nicolae_shop_waterfront
Vaults:2: nicolae_vaults_trapezoid_1, st_cells, vaults_room_ringed_pool,
          nicolae_vaults_mitosis, nicolae_vaults_asterisk,
          nicolae_vaults_big_angled_halls,
          nicolae_vaults_windows_and_doors_thing, vaults_room_semicircle,
          minmay_crypt_entry_necro_gods, nicolae_vaults_little_squares_6,
          layout_vaults_ring, uniq_boris
Vaults:3: nicolae_vaults_border_crossing, hangedman_vaults_slither,
          hangedman_vaults_stream, nicolae_vaults_display_case,
          dpeg_vaults_monster_row, nicolae_vaults_hallways_thing,
          vaults_room_grunt_arrival_ludios, vaults_room_large_hall,
          nicolae_vaults_network_barrier, nicolae_vaults_rhombus_7,
          vaults_dpeg_cross, vaults_dpeg_ring, layout_vaults_omnibox,
          serial_shops, nicolae_shop_rolling_square, uniq_nikola
Vaults:4: grunt_vaults_hallway_long, vaults_standard_mumra_lines, v_misc_29,
          nicolae_vaults_shipping_containers_2, ontoclasm_vaults_idyll,
          nicolae_vaults_oval_intersection, vaults_mumra_lcd,
          nicolae_vaults_house_1, nicolae_vaults_alarming, v_misc_12,
          vaults_room_hallway, layout_vaults_omnicross, serial_shops, shop,
          shop, shop, shop, shop
Depths:1: layout_long_grid, hellmouth_1, minmay_misc_feat_enclosed,
          minmay_fractal_squares_diagonal_5, uniq_asterion
Depths:2: little_maze_vault, layout_cave_pools, nzn_wu_jian_council_hall,
          pf_hell_entry_tar_spiral, rand_demon_pan_entry_9
Depths:3: pf_snail_temple, layout_gridlike, enter_ziggurat_b, pf_coc_iceberg,
          abyss_entry, drop_trap, minmay_checkered_concentric_circles,
          infiniplex_staircase_pool_2, uniq_grunn, uniq_sojobo
Depths:4: grunt_zot_entry_bicorn, layout_long_grid, grunt_mini_vestibule,
          rand_demon_pan_entry_1
Zot:1:    layout_gridlike, hangedman_snake_sidewinding
Zot:2:    layout_cathedral_of_symmetry, st_stairs_14
Zot:3:    layout_cathedral_of_symmetry, ebering_ghost_xom, bh_zot_ikea_curve,
          lemuel_flame_loot_1
Zot:4:    grunt_twist_and_shout, layout_concentric_octagons, uniq_tiamat
Zot:5:    layout_basic

Skill      XL: |  1  2  3  4  5  6  7  8  9 10 11 12 13 14 15 16 17 18 19 20 21 22 23 24 |
---------------+-------------------------------------------------------------------------+-----
Spellcasting   | 3 4 5 7 9 11 12 | 12.5
Ice Magic      | 5 6 7 |  7.8
Summonings     | 2 3 6 7 10 | 10.6
Fighting       | 3 4 6 10 11 | 11.7
Dodging        | 3 4 6 8 10 14 16 19 | 19.6
Conjurations   | 2 5 7 10 11 12 13 15 16 18 20 22 | 22.6
Air Magic      | 4 7 9 10 12 13 16 18 21 23 24 | 24.2
Shields        | 3 5 |  5.0
Long Blades    | 2 7 |  7.0
Transmutations | 4 |  4.0
Short Blades   | 6 10 11 13 | 13.3
Stealth        | 3 5 6 12 13 16 | 16.5
Translocations | 2 |  2.3

Action                     |  1- 3 |  4- 6 |  7- 9 | 10-12 | 13-15 | 16-18 | 19-21 | 22-24 || total
---------------------------+-------+-------+-------+-------+-------+-------+-------+-------++-------
  Melee: Short sword       |    15 |       |       |       |   146 |       |       |       ||   161
         Tailslap          |     6 |     6 |    40 |    91 |   203 |   340 |   275 |   189 ||  1150
         War axe           |    12 |       |       |       |       |       |       |       ||    12
         Battleaxe         |    11 |    40 |       |       |       |       |       |       ||    51
         Whip              |     5 |       |       |       |       |       |       |       ||     5
         Dagger            |       |    40 |   278 |   491 |       |       |       |       ||   809
         Punch             |       |       |     3 |     5 |       |       |       |       ||     8
         Scimitar          |       |       |       |    71 |       |    16 |       |       ||    87
         Rapier            |       |       |       |       |   950 |  1447 |  1006 |   733 ||  4136
         Demon blade       |       |       |       |       |       |       |    11 |    25 ||    36
   Cast: Freeze            |    21 |    25 |     6 |     3 |       |       |       |       ||    55
         Frozen Ramparts   |       |     3 |     8 |    16 |     8 |       |       |       ||    35
         Summon Ice Beast  |       |       |     5 |    29 |     8 |       |       |       ||    42
         Ozocubu's Armour  |       |       |     4 |     8 |    15 |       |       |       ||    27
         Magic Dart        |       |       |       |    76 |       |       |       |       ||    76
         Static Discharge  |       |       |       |    55 |       |       |       |       ||    55
         Iskenderun's Batt |       |       |       |    15 |       |       |       |       ||    15
         Irradiate         |       |       |       |     6 |     2 |       |     8 |       ||    16
         Summon Cactus Gia |       |       |       |       |     1 |       |       |       ||     1
         Conjure Ball Ligh |       |       |       |       |       |    30 |    96 |     5 ||   131
         Orb of Destructio |       |       |       |       |       |     6 |    15 |     5 ||    26
         Maxwell's Capacit |       |       |       |       |       |       |    60 |    96 ||   156
         Blink             |       |       |       |       |       |       |     1 |       ||     1
         Chain Lightning   |       |       |       |       |       |       |     3 |   113 ||   116
  Evoke: Wand              |       |       |     2 |       |     2 |     1 |       |     2 ||     7
    Use: Scroll            |       |       |    18 |    20 |     4 |    13 |    22 |    17 ||    94
         Potion            |       |       |       |     2 |       |    12 |    10 |    20 ||    44
   Stab: Sleeping          |     2 |     2 |     7 |       |     9 |    21 |    14 |     6 ||    61
         Distracted        |       |       |       |     7 |     2 |     1 |     7 |     3 ||    20
         Petrified         |       |       |       |       |     4 |       |       |       ||     4
         Paralysed         |       |       |       |       |       |     1 |       |       ||     1
         Invisible         |       |       |       |       |       |       |       |    17 ||    17
 Armour: Skin              |    25 |    37 |    90 |   313 |   441 |   430 |   289 |   227 ||  1852
  Dodge: Dodged            |    43 |    67 |   177 |   452 |   562 |   686 |   733 |   513 ||  3233
  Block: Buckler           |       |       |       |    49 |   329 |   277 |   401 |   208 ||  1264
         Kite shield       |       |       |       |       |       |   211 |       |       ||   211

Table legend: (Time is in decaauts)
 A = Elapsed time spent in this place.
 B = Non-inter-level travel time spent in this place.
 C = Inter-level travel time spent in this place.
 D = Time resting spent in this place.
 E = Time spent auto-exploring this place.
 F = Levels seen in this place.
 G = Mean time per level.
                   A        B        C        D        E       F      G
               +--------+--------+--------+--------+--------+-----+--------+
         Total |  65481 |  61768 |   3713 |  13206 |  35032 |  49 | 1336.3 |
       Dungeon |  17640 |  16451 |   1189 |   2571 |  11310 |  15 | 1176.0 |
          Lair |   7756 |   7245 |    511 |   1167 |   4440 |   5 | 1551.2 |
         Swamp |   3596 |   3409 |    187 |    794 |   1710 |   4 |  899.0 |
     Snake Pit |   6489 |   6329 |    160 |   1128 |   3698 |   4 | 1622.2 |
  Orcish Mines |   1686 |   1508 |    178 |    157 |    869 |   2 |  843.0 |
        Vaults |   6723 |   6401 |    322 |   1173 |   3842 |   4 | 1680.8 |
        Depths |  11606 |  10977 |    629 |   3833 |   4824 |   4 | 2901.5 |
           Zot |   8415 |   7881 |    534 |   2281 |   4001 |   5 | 1683.0 |
         Abyss |    987 |    987 |      0 |     35 |    143 |   4 |  246.8 |
         Sewer |    370 |    370 |      0 |     65 |    100 |   1 |  370.0 |
       Ossuary |    208 |    208 |      0 |      0 |     94 |   1 |  208.0 |
               +--------+--------+--------+--------+--------+-----+--------+

Top non-repeatable levels by time:
Depths:3: 3822 daAuts
Depths:2: 3123 daAuts
Depths:1: 2612 daAuts
    D:10: 2456 daAuts
   Zot:3: 2340 daAuts
   Zot:1: 2303 daAuts
Vaults:3: 2071 daAuts
Depths:4: 2048 daAuts
  Lair:1: 1933 daAuts
 Snake:3: 1875 daAuts
  Lair:3: 1828 daAuts
 Snake:4: 1808 daAuts
   Zot:4: 1807 daAuts
Vaults:1: 1620 daAuts
Vaults:4: 1595 daAuts
